 Dungeon Crawl Stone Soup version 0.29-a0-973-gac7da5f7f0 (webtiles) character file.

Game seed: 991347490687582204

196 jlumianski the Covered (level 5, 0/41 HPs)
             Began as a Demonspawn Fighter on July 31, 2022.
             Slain by an ice beast (2 damage)
             ... on level 4 of the Dungeon.
             The game lasted 00:11:25 (2620 turns).

jlumianski the Covered (Demonspawn Fighter)         Turns: 2620, Time: 00:11:25

Health: 0/41       AC:  7    Str: 18    XL:     5   Next: 45%
Magic:  5/5        EV:  9    Int:  9    God:
Gold:   70         SH:  4    Dex: 13    Spells: 4/4 levels left

rFire   . . .      SeeInvis +   a - +0 war axe
rCold   . . .      Faith    .   c - +0 buckler
rNeg    . . .      Spirit   .   b - +0 scale mail
rPois   +          Reflect  .   (helmet restricted)
rElec   .          Harm     .   (no cloak)
rCorr   .          Rampage  .   (no gloves)
Will    .....                   (no boots)
Stlth   ..........              (no amulet)
HPRegen 0.13/turn               k - ring of see invisible
MPRegen 0.09/turn               l - ring of poison resistance

@: no status effects
A: antennae 1
a: no special abilities


You were on level 4 of the Dungeon.
You visited 1 branch of the dungeon, and saw 4 of its levels.

You collected 70 gold pieces.

Inventory:

Hand Weapons
 a - a +0 war axe (weapon)
 o - a +3 sling
Missiles
 e - 6 silver boomerangs
 f - 4 poisoned darts
 j - 4 curare-tipped darts
 n - 10 stones
 q - a throwing net
 s - 3 javelins (quivered)
Armour
 b - a +0 scale mail (worn)
 c - a +0 buckler (worn)
Jewellery
 k - a ring of see invisible (left hand)
 l - a ring of poison resistance (right hand)
 m - a ring of fire
Scrolls
 i - a scroll of vulnerability
 p - a scroll of noise
 t - a scroll of amnesia
Potions
 d - 2 potions of might
 h - a potion of degeneration
 r - a potion of attraction {unknown}
 v - a potion of flight {unknown}


   Skills:
 + Level 3.6 Fighting
 + Level 3.5 Axes
 + Level 4.0 Armour
 + Level 0.4 Dodging
 + Level 3.1 Shields


You had 4 spell levels left.
You didn't know any spells.
Your spell library contained the following spells:

 Spells                   Type           Power      Damage    Failure   Level
 Shock                    Conj/Air       0%         1d3       86%         1
 Swiftness                Air            0%         N/A       99%         3
 Airstrike                Air            0%         0-1+      100%        4


Dungeon Overview and Level Annotations

Branches:
Dungeon (4/15)
 Temple: D:4-7

Altars:


Innate Abilities, Weirdness & Mutations

You have a pair of small antennae on your head.


Message History

Found a flail.
An ice beast comes into view.
The ice beast hits you but does no damage.
You hit the ice beast but do no damage. The ice beast completely misses you.
You closely miss the ice beast. The ice beast hits you.
The ice beast freezes you!
* * * LOW HITPOINT WARNING * * *
Unknown command.
You aren't carrying any items that you can evoke.
Okay, then.
You hear the rusting of a very distant drain.
The ice beast attacks as you move away! The ice beast hits you.
* * * LOW HITPOINT WARNING * * *
The ice beast freezes you.
* * * LOW HITPOINT WARNING * * *
The ice beast attacks as you move away!
The ice beast hits you but does no damage.
A giant cockroach comes into view.
The giant cockroach moves out of view.
The ice beast attacks as you move away!
The ice beast hits you but does no damage.
The giant cockroach bites you but does no damage.
You block the giant cockroach's attack. The giant cockroach bites you.
* * * LOW HITPOINT WARNING * * *
The ice beast attacks as you move away! You block the ice beast's attack.
You block the giant cockroach's attack.
An orc comes into view. It is wielding a +0 dagger.
Found a bubbling sapphire potion.
The orc shouts!
A kobold comes into view. It is wielding a +0 short sword.
The giant cockroach bites you but does no damage.
The giant cockroach attacks as you move away!
The giant cockroach barely misses you. The ice beast attacks as you move away!
The ice beast barely misses you.
You see here a +0 quarterstaff.
The giant cockroach attacks as you move away!
The giant cockroach closely misses you. The ice beast attacks as you move away!
The ice beast hits you.
You die...

#.........)..#.########
#.....K................
#............#########.
#..!.o.......# #...
#............#######.##
......#.....................#
.. .....
#.............######..#
..#.... ##....Y..#.#.# #....#
#.#... #...@B..#.#.# #.##.#
..... #.........#.####.##.#
#.#w# #.............##....#
#.#.# #........[.##.#######
#...# #.......##.##.# ##..#
#.....###.....# #..#
#.###.###..##### ######>#
#.#............# ...###.#
#...)#########.#


You could see an ice beast, an orc, a giant cockroach and a kobold (wandering).

Vanquished Creatures
  A hound (D:4)
  An iguana (D:4)
  2 adders (D:2)
  4 gnolls
  A worm (D:2)
  3 dart slugs
  5 orcs
  4 ball pythons (D:1)
  2 endoplasms
  7 giant cockroaches
  4 hobgoblins
  6 jackals
  3 kobolds
  2 quokkas
  4 bats
  2 frilled lizards
  6 goblins
  8 rats
65 creatures vanquished.

Notes
Turn   | Place    | Note
-------+----------+-------------------------------------------
     0 | D:1      | jlumianski the Demonspawn Fighter began the quest for the
                  | Orb.
     0 | D:1      | Reached XP level 1. HP: 18/18 MP: 1/1
   110 | D:1      | Gained mutation: You have a pair of small antennae on your
                  | head. [demonic ancestry]
   110 | D:1      | Reached XP level 2. HP: 22/24 MP: 2/2
   146 | D:1      | Found a faded altar of an unknown god.
   158 | D:1      | Reached skill level 3 in Armour
   687 | D:1      | Reached XP level 3. HP: 25/29 MP: 3/3
  1592 | D:3      | Reached XP level 4. HP: 32/35 MP: 4/4
  2407 | D:4      | Reached XP level 5. HP: 15/41 MP: 5/5
  2529 | D:4      | Reached skill level 4 in Armour
  2593 | D:4      | Noticed an ice beast
  2613 | D:4      | HP: 2/41 [giant cockroach (2)]
  2620 | D:4      | Slain by an ice beast

Illustrated notes

Levels and vault maps discovered:
D:1:      minmay_arrival_glassed_features, layout_basic,
          hellmonk_ecumenical_altar_arch_garden, minmay_octomino_e4
D:2:      layout_loops_ring
D:3:      layout_loops_ring, nicolae_overflow_squiral, serial_shops,
          nicolae_shop_temple_entry_statues_fountains
D:4:      layout_basic, marbit_many_paths, gup_sewer_entry_bubbles

Skill      XL: |  1  2  3  4  5 |
---------------+----------------+-----
Armour         | 3 4 |  4.0
Axes           | 2 3 |  3.5
Shields        | 3 |  3.1
Fighting       | |  3.6
Dodging        | |  0.4

Action                   |  1- 3 |  4- 6 || total
-------------------------+-------+-------++-------
Melee: War axe           |   103 |    98 ||   201
Throw: Javelin           |       |     4 ||     4
  Use: Potion            |     1 |     2 ||     3
       Scroll            |       |     4 ||     4
Armor: Scale mail        |    41 |    56 ||    97
Dodge: Dodged            |    51 |    56 ||   107
Block: Buckler           |    27 |    24 ||    51

Table legend: (Time is in decaauts)
 A = Elapsed time spent in this place.
 B = Non-inter-level travel time spent in this place.
 C = Inter-level travel time spent in this place.
 D = Time resting spent in this place.
 E = Time spent auto-exploring this place.
 F = Levels seen in this place.
 G = Mean time per level.
                   A        B        C        D        E       F      G
               +--------+--------+--------+--------+--------+-----+--------+
         Total |   2712 |   2641 |     71 |    313 |   1126 |   4 |  678.0 |
       Dungeon |   2712 |   2641 |     71 |    313 |   1126 |   4 |  678.0 |
               +--------+--------+--------+--------+--------+-----+--------+

Top non-repeatable levels by time:
     D:2: 1133 daAuts
     D:1: 995 daAuts
     D:3: 330 daAuts
     D:4: 253 daAuts
